 Dungeon Crawl Stone Soup version 0.19.0-24-gb05acd6 (webtiles) character file.

1083 Leibowitz the Sneak (level 7, -11/52 HPs)
             Began as a Demigod Enchanter on Nov 20, 2016.
             Mangled by an orc warrior (16 damage)
             ... on level 6 of the Dungeon.
             The game lasted 00:16:08 (5222 turns).

Leibowitz the Sneak (Demigod Enchanter)             Turns: 5222, Time: 00:16:08

Health: -11/52     AC:  4    Str: 11    XL:     7   Next: 82%
Magic:  10/16      EV: 18    Int: 23    God:
Gold:   230        SH:  0    Dex: 16    Spells: 4 memorised, 5 levels left

rFire  . . .     SeeInvis .     a - +2 dagger (holy)
rCold  . . .     Gourm    .     l - +2 robe
rNeg   . . .     Faith    .     (no shield)
rPois  .         Spirit   .     (no helmet)
rElec  .         Reflect  +     (no cloak)
rCorr  .         Harm     .     (no gloves)
MR     +....                    (no boots)
Stlth  +.........               q - +5 amulet of reflection
                                u - ring of protection from magic
                                k - +5 ring of evasion

@: confused
A: high mp 1
a: no special abilities


You were on level 6 of the Dungeon.
You were not hungry.

You visited 1 branch of the dungeon, and saw 6 of its levels.

You collected 230 gold pieces.

Inventory:

Hand Weapons
 a - a +2 dagger of holy wrath (weapon)
 b - a +0 blowgun
Missiles
 m - 14 poisoned needles
 A - a throwing net (quivered)
Armour
 l - a +2 robe (worn)
Jewellery
 g - an uncursed ring of ice
 i - a +2 ring of evasion
 k - a +5 ring of evasion (left hand)
 q - a +5 amulet of reflection (around neck)
 u - a ring of protection from magic (right hand)
Wands
 e - a wand of enslavement (10/24)
 v - a wand of polymorph (4/24)
Scrolls
 n - 2 scrolls of amnesia
 t - 2 scrolls of enchant armour
 y - a scroll of enchant weapon
Potions
 f - a potion of brilliance
 j - a potion of ambrosia
 r - a potion of curing {unknown}
 s - a potion of lignification {unknown}
 w - a potion of cancellation {unknown}
 x - a potion of degeneration {unknown}
Books
 c - a book of Maledictions

   Spells                             Type                      Level
   a - Corona                         Hexes                        1
   b - Ensorcelled Hibernation        Hexes/Ice                    2
   c - Confuse                        Hexes                        3
   d - Tukima's Dance                 Hexes                        3
   e - Dazzling Spray                 Conjuration/Hexes            3
Comestibles
 d - 4 bread rations
 h - a slice of pizza
 o - a beef jerky
 p - a meat ration
 z - 7 chunks of flesh


   Skills:
 + Level 1.5 Fighting
 + Level 3.0 Short Blades
 + Level 3.1 Dodging
 + Level 5.8 Stealth
 * Level 4.0 Spellcasting
 + Level 4.2 Hexes
 + Level 1.6 Ice Magic


You had 5 spell levels left.
You knew the following spells:

 Your Spells              Type           Power        Failure   Level  Hunger
a - Corona                Hex            ###....      1%          1    None
b - Ensorcelled Hibernat  Hex/Ice        ###...       6%          2    #......
c - Confuse               Hex            ###.....     8%          3    ##.....
d - Tukima's Dance        Hex            ###.....     8%          3    ##.....


Dungeon Overview and Level Annotations

Branches:
Dungeon (6/15)
 Temple: D:4-7


Innate Abilities, Weirdness & Mutations

You have an increased reservoir of magic. (+10% MP)


Message History

The orc warrior is severely wounded.
The orc warrior hits you!
You barely miss the orc warrior.
The orc warrior is severely wounded.
The orc warrior barely misses you.
You hit the orc warrior.
The orc warrior is almost dead.
The orc warrior hits you!
Casting: Ensorcelled Hibernation
Confirm with . or Enter, or press ? or * to list all spells.
Aiming: Confuse
Press: ? - help, Shift-Dir - straight line, f/p - orc warrior
Aim: an orc warrior, wearing a chain mail (almost dead, chance to defeat MR: 53%)
The orc warrior resists with significant effort.
The orc warrior hits you!
* * * LOW HITPOINT WARNING * * *
It was a potion of ambrosia.
You are confused.
You feel invigorated. The orc warrior hits you!
You die...

##### #...#
#############...#
.......@ooh##...####
##########)).(.....#
#.h...?...#
#.........#
#.##...#.####
...##.<.......
#.#.##.h...####
♣..♣..o......# ♣
♣♣##..(......


You could see an orc warrior, a black bear and an orc.

Vanquished Creatures
  Duvessa (D:5)
  5 centaurs
  A bullfrog (D:5)
  Dowan (D:5)
  A scorpion (D:4)
  2 hounds (D:4)
  2 orc wizards
  4 worker ants
  2 gnolls
  6 adders
  4 oozes
  An adder skeleton (D:5)
  2 dart slugs
  4 leopard geckos
  14 orcs
  12 bats
  3 giant cockroaches
  6 goblins
  3 hobgoblins
  7 jackals
  13 kobolds
  4 quokkas
  2 ball pythons
  5 frilled lizards
  A giant cockroach zombie (D:5)
  8 rats
114 creatures vanquished.

Vanquished Creatures (collateral kills)
  2 gnolls (D:5)
2 creatures vanquished.

Vanquished Creatures (others)
  2 dancing weapons
  2 jackals (D:5)
4 creatures vanquished.

Grand Total: 120 creatures vanquished

Notes
Turn   | Place    | Note
-------+----------+-------------------------------------------
     0 | D:1      | Leibowitz the Demigod Enchanter began the quest for the Orb.
     0 | D:1      | Reached XP level 1. HP: 14/14 MP: 5/5
   318 | D:1      | Reached skill level 3 in Stealth
   326 | D:1      | Reached XP level 2. HP: 20/20 MP: 4/7
   330 | D:1      | Learned a level 2 spell: Ensorcelled Hibernation
   451 | D:1      | Reached skill level 1 in Short Blades
  1421 | D:2      | Reached XP level 3. HP: 22/27 MP: 8/8
  1685 | D:2      | Found an opulent altar of Gozag.
  1686 | D:2      | Found a shattered altar of Ashenzari.
  1688 | D:2      | Found a radiant altar of Vehumet.
  1690 | D:2      | Found a shadowy altar of Dithmenos.
  1691 | D:2      | Found a deep blue altar of Sif Muna.
  1775 | D:2      | Found a sparkling altar of Nemelex Xobeh.
  1864 | D:2      | Found a burning altar of Makhleb.
  1865 | D:2      | Found a hide-covered altar of Uskayaw.
  1865 | D:2      | Found a blossoming altar of Fedhas.
  2380 | D:3      | Reached XP level 4. HP: 13/34 MP: 8/10
  2650 | D:3      | Reached skill level 1 in Fighting
  2811 | D:3      | Reached skill level 4 in Stealth
  2926 | D:3      | Reached XP level 5. HP: 40/40 MP: 11/11
  3551 | D:4      | Reached skill level 1 in Ice Magic
  3551 | D:4      | Reached XP level 6. HP: 47/47 MP: 7/12
  3832 | D:5      | Entered Level 5 of the Dungeon
  3929 | D:5      | Reached skill level 5 in Stealth
  3941 | D:5      | Learned a level 3 spell: Confuse
  3945 | D:5      | Learned a level 3 spell: Tukima's Dance
  4049 | D:5      | Noticed Duvessa
  4049 | D:5      | Noticed Dowan
  4054 | D:5      | Killed Duvessa
  4068 | D:5      | Killed Dowan
  4134 | D:5      | Reached XP level 7. HP: 52/52 MP: 11/14
  5221 | D:6      | HP: 2/52 [orc warrior (14)]
  5222 | D:6      | Mangled by an orc warrior

Skill      XL: |  1  2  3  4  5  6  7 |
---------------+----------------------+-----
Stealth        | 3 4 5 |  5.8
Hexes          | 3 4 |  4.2
Short Blades   | 1 2 3 |  3.0
Spellcasting   | 2 3 4 |  4.0
Dodging        | 2 3 |  3.1
Fighting       | 1 |  1.5
Ice Magic      | 1 |  1.6

Action                   |  1- 3 |  4- 6 |  7- 9 || total
-------------------------+-------+-------+-------++-------
Melee: Dagger            |   158 |   129 |    89 ||   376
 Cast: Corona            |     5 |       |       ||     5
       Ensorcelled Hiber |    15 |    14 |     7 ||    36
       Confuse           |       |     1 |     8 ||     9
       Tukima's Dance    |       |       |     7 ||     7
Evoke: Wand              |       |     2 |       ||     2
  Use: Scroll            |     5 |     2 |       ||     7
       Potion            |       |       |     1 ||     1
 Stab: Sleeping          |    22 |    21 |     5 ||    48
       Confused          |       |     1 |     1 ||     2
  Eat: Chunk             |     6 |     6 |     5 ||    17
Armor: Robe              |    28 |    21 |     2 ||    51
       Skin              |       |     3 |       ||     3
Dodge: Dodged            |    89 |   108 |    61 ||   258
Block: Other             |       |    22 |    25 ||    47
       Reflection        |       |     3 |     4 ||     7
